 Dungeon Crawl Stone Soup version 0.31.0-9-g3a7656b989 (webtiles) character file.

Game seed: 18380834282222315555

287 Gottschkopf the Digger (level 6, -3/32 HPs)
             Began as a Deep Elf Earth Elementalist on Jan 29, 2024.
             Was a Follower of Vehumet.
             Slain by a wyvern (11 damage)
             ... on level 5 of the Dungeon.
             The game lasted 00:08:15 (3580 turns).

Gottschkopf the Digger (DEEE)                       Turns: 3580, Time: 00:08:15

Health: -3/32      AC:  4    Str:  5    XL:     6   Next: 8%
Magic:  11/14      EV: 13    Int: 22    God:    Vehumet [*.....]
Gold:   207        SH:  0    Dex: 21    Spells: 8/14 levels left

rFire   . . .        x - +2 dagger (drain)
rCold   . . .        (no shield)
rNeg    . . .        a - +0 robe
rPois   .            (no helmet)
rElec   .            (no cloak)
rCorr   .            (no gloves)
SInv    .            j - +1 pair of boots
Will    +....        A - amulet of regeneration
Stlth   ++           d - ring of willpower
HPRegen 1.05/turn    g - +6 ring of dexterity
MPRegen 0.14/turn

%: no passive effects
@: on blink cooldown
A: no striking features
a: Renounce Religion


You were on level 5 of the Dungeon.
You worshipped Vehumet.
Vehumet was aware of your devotion.
You visited 1 branch of the dungeon, and saw 5 of its levels.

You collected 207 gold pieces.

Inventory:

Hand Weapons
 p - a +2 whip of freezing
 x - a +2 dagger of draining (weapon)
Armour
 a - a +0 robe (worn)
 j - a +1 pair of boots (worn)
Magical Staves
 f - a staff of death
 w - the staff of the Moon {rF+ Str+5 Fire}
   (You found it on level 4 of the Dungeon)

   [staff of fire]

   Base accuracy: +5 Base damage: 5 Base attack delay: 1.2 This weapon's minimum
   attack delay (0.6) is reached at skill level 12.
   Str+5:     It affects your strength (+5).
   rF+:       It protects you from fire.
   Fire:      It increases the power of your Fire spells.
   It falls into the 'Staves' category.
   It is a one-handed weapon.
Jewellery
 d - a ring of willpower (left hand)
 g - a +6 ring of dexterity (right hand)
 k - a ring of see invisible
 A - an amulet of regeneration (around neck)
 D - a ring of flight
Wands
 v - a wand of digging (4)
Scrolls
 e - 5 scrolls of identify {unknown}
 l - a scroll of fog {unknown}
 o - a scroll of vulnerability {unknown}
 r - a scroll of fear {unknown}
 s - a scroll of immolation {unknown}
 t - a scroll of summoning {unknown}
 u - a scroll of teleportation {unknown}
 y - 2 scrolls of silence {unknown}
 E - a scroll of noise {unknown}
Potions
 b - a potion of magic
 c - 2 potions of invisibility {unknown}
 h - 3 potions of curing {unknown}
 i - a potion of heal wounds {unknown}
 m - 2 potions of enlightenment {unknown}
 n - 3 potions of degeneration {unknown}
 q - a potion of brilliance {unknown}
 z - a potion of might {unknown}
 B - a potion of attraction {unknown}
 C - a potion of lignification {unknown}


   Skills:
 - Level 2.4 Dodging
 - Level 2.4 Stealth
 * Level 4.5 Spellcasting
 + Level 4.1 Conjurations
 - Level 2.0 Translocations
 * Level 4.8 Earth Magic
 + Level 1.2 Alchemy


You had 8 spell levels left.
You knew the following spells:

 Your Spells              Type           Power      Damage    Failure   Level
a - Sandblast             Erth           52%        2d12      1%          1
b - Blink                 Tloc           26%        N/A       7%          2
c - Stone Arrow           Conj/Erth      48%        3d10      4%          3

Your spell library contained the following spells:

 Spells                   Type           Power      Damage    Failure   Level
 Sting                    Conj/Alch      64%        1d7       3%          1
 Shock                    Conj/Air       56%        1d6       4%          1
 Momentum Strike          Conj/Tloc      36%        3d9       4%          2
 Passwall                 Erth           26%        N/A       4%          3
 Lesser Beckoning         Tloc           26%        N/A       7%          2
 Brom's Barrelling Bould  Conj/Erth      24%        2d5       17%         4
 Petrify                  Alch/Erth      18%        N/A       30%         4
 Swiftness                Air            5%         N/A       32%         3
 Airstrike                Air            2%         2d(1-17)  71%         4


Dungeon Overview and Level Annotations

Branches:
Dungeon (5/15)
 Temple: D:4-7

Altars:
Vehumet

Shops:
D:4 (


Message History

D - a ring of flight
E - a scroll labelled KAYLUAXKE You now have 207 gold pieces (gained 4).
You see here a +0 leather armour.
An ice beast comes into view.
An ice beast is nearby!
Found a stone staircase leading up.
A hound and a wyvern come into view.
Found an escape hatch in the ceiling.
Casting: Sandblast (safe; 1% risk of failure)
Confirm with . or Enter, or press ? or * to list all spells.
The blast of sand hits the ice beast!
The ice beast is moderately wounded.
The hound barks!
Casting: Sandblast (safe; 1% risk of failure)
Confirm with . or Enter, or press ? or * to list all spells.
The blast of sand hits the ice beast.
The ice beast is heavily wounded.
The wyvern hisses angrily.
The hound bites you. x2; The ice beast hits you.
The ice beast freezes you!
You are too injured to fight recklessly!
You are too injured to fight recklessly!
The hound attacks as it pursues you! The hound misses you. The hound bites you.
* * * LOW HITPOINT WARNING * * *
The hound attacks as it pursues you! The hound barely misses you.
The hound barely misses you.
Casting: Sandblast (safe; 1% risk of failure)
Confirm with . or Enter, or press ? or * to list all spells.
You blink.
The ice beast hits you but does no damage.
Casting: Blink (safe; 7% risk of failure)
Confirm with . or Enter, or press ? or * to list all spells.
You are still too unstable to blink.
The wyvern bites you.
* * * LOW HITPOINT WARNING * * *
The wyvern attacks as it pursues you! The wyvern bites you.
* * * LOW HITPOINT WARNING * * *
The wyvern bites you!
You die...

############
...........#
##########.###
#...# #.#Y##
##...##
##....h###
#....⌠..k.###
..........@..#
##.<...###...<.#
###..#...##
###...#
.....#### #####
###...# ###
..... #.. ....
#.# .## #.# #


You could see a wyvern, an ice beast and a hound.

Vanquished Creatures
  A hound (D:4)
  A sleepcap (D:4)
  Jessica (D:2)
  An iguana (D:4)
  An orc wizard (D:4)
  3 gnolls (D:2)
  6 adders
  2 ribbon worms
  A dart slug (D:3)
  4 orcs
  6 ball pythons
  An endoplasm (D:4)
  5 giant cockroaches
  4 goblins
  5 hobgoblins
  3 quokkas
  3 bats
  5 frilled lizards
  13 kobolds
  4 rats
70 creatures vanquished.

Notes
Turn   | Place    | Note
-------+----------+-------------------------------------------
     0 | D:1      | Gottschkopf the Deep Elf Earth Elementalist began the quest
                  | for the Orb.
     0 | D:1      | Reached XP level 1. HP: 10/10 MP: 6/6
   201 | D:1      | Reached XP level 2. HP: 13/15 MP: 4/8
   882 | D:2      | You fall into a shaft and drop 1 floor!
   934 | D:3      | Found a radiant altar of Vehumet.
   941 | D:3      | Reached XP level 3. HP: 19/19 MP: 5/10
   946 | D:3      | Became a worshipper of Vehumet
  1365 | D:3      | Found a faded altar of an unknown god.
  1621 | D:2      | Reached XP level 4. HP: 24/24 MP: 9/11
  1628 | D:2      | Learned a level 2 spell: Blink
  1632 | D:2      | Learned a level 3 spell: Stone Arrow
  1662 | D:2      | Reached skill level 1 in Translocations
  1889 | D:2      | Noticed Jessica
  1893 | D:2      | Killed Jessica
  1894 | D:2      | Reached XP level 5. HP: 28/28 MP: 11/13
  2388 | D:3      | Reached * piety under Vehumet
  2388 | D:3      | Offered knowledge of Sting by Vehumet.
  2623 | D:4      | Identified the staff of the Moon {rF+ Str+5 Fire}
  2958 | D:4      | Reached skill level 1 in Alchemy
  2958 | D:4      | Reached XP level 6. HP: 27/32 MP: 7/14
  3016 | D:4      | Found Ukepn's Antique Weapon Boutique.
  3300 | D:5      | Entered Level 5 of the Dungeon
  3566 | D:5      | Noticed an ice beast
  3569 | D:5      | Noticed a wyvern
  3580 | D:5      | Slain by a wyvern

Illustrated notes

Levels and vault maps discovered:
D:1:      beargit_arrival_greenhouse, layout_loops_cross, grunt_decor_arrowhead
D:2:      layout_loops_corners, uniq_jessica
D:3:      layout_loops_ring, mainiacjoe_overflow_surrounded_room,
          ebering_ecumenical_altar_rust, minmay_fractal_squares_5
D:4:      layout_loops_ring, serial_shops, shop, abandoned_shop
D:5:      layout_basic, mainiacjoe_overflow_six_doors_small, st_stairs_3,
          grunt_ministairs_12

Skill      XL: |  1  2  3  4  5  6 |
---------------+-------------------+-----
Conjurations   | 2 3 4 |  4.1
Spellcasting   | 4 |  4.5
Earth Magic    | 4 |  4.8
Translocations | 1 2 |  2.0
Alchemy        | 1 |  1.2
Dodging        | |  2.4
Stealth        | |  2.4

Action                     |  1- 3 |  4- 6 || total
---------------------------+-------+-------++-------
  Melee: Dagger            |     2 |     1 ||     3
         Whip              |       |     2 ||     2
   Cast: Sandblast         |    52 |    51 ||   103
         Blink             |       |     1 ||     1
 Armour: Robe              |    15 |    18 ||    33
  Dodge: Dodged            |     6 |    11 ||    17
